 Dungeon Crawl Stone Soup version 0.14-a0-1626-g054e7ae (webtiles) character file.

106 HollowCharge the Poker (level 3, -3/28 HPs)
             Began as a Merfolk Skald on Dec 25, 2013.
             Slain by a gnoll
             ... wielding a +0,+0 whip
              (4 damage)
             ... on Level 1 of the Dungeon.
             The game lasted 00:13:21 (1608 turns).

HollowCharge the Poker (Merfolk Skald)              Turns: 1608, Time: 00:13:21

HP  -3/28        AC  3     Str 16      XL: 3   Next: 77%
MP   6/6         EV  8     Int 11      God:
Gold 57          SH 16     Dex 12      Spells:  3 memorised,  1 level left

rFire  . . .     SeeInvis .     a - +0 spear
rCold  . . .     Clarity  .     b - +0 leather armour
rNeg   . . .     Conserve .     k - +2 shield {rPois}
rPois  +         rCorr    .     (no helmet)
rElec  .         rRot     .     (no cloak)
SustAb . .       Spirit   .     (no gloves)
rMut   .         Warding  .     (no boots)
Saprov . . .     Stasis   .     (no amulet)
                                (no ring)
                                (no ring)

@: about to teleport, not resistant to hostile enchantments, very unstealthy
A: change form in water, swift swim, clumsy 1, screaming 1, strong 2
a: no special abilities


You were on level 1 of the Dungeon.
You were hungry.

You visited 1 branch of the dungeon, and saw 2 of its levels.

You collected 57 gold pieces.

Inventory:

Hand weapons
 a - a +0,+0 spear (weapon)
Missiles
 h - a throwing net [frayed] (quivered)
Armour
 b - a +0 leather armour (worn)
 k - a +2 shield of poison resistance (worn)
Comestibles
 d - a bread ration
 g - a meat ration
Scrolls
 e - a scroll of identify
Books
 c - a book of Battle

   Spells                             Type                      Level
   *Infusion                          Charms                       1
   *Shroud of Golubria                Charms/Translocation         2
   *Song of Slaying                   Charms                       2
   Spectral Weapon                    Hexes/Charms                 3
   Regeneration                       Charms/Necromancy            3


   Skills:
 * Level 2.9 Fighting
 * Level 3.6 Polearms
 + Level 1.1 Armour
 + Level 2.2 Dodging
 + Level 2.3 Spellcasting
 + Level 3.4 Charms


You had one spell level left.
You knew the following spells:

 Your Spells              Type           Power        Failure   Level  Hunger
a - Infusion              Chrm           #.....       75%         1    ##.....
b - Song of Slaying       Chrm           #.......     91%         2    ###....
c - Shroud of Golubria    Chrm/Tloc      #.........   99%         2    ###....


Dungeon Overview and Level Annotations

Branches:
Dungeon (2/16)

Altars:


Innate Abilities, Weirdness & Mutations

You revert to your normal form in water.
You are very nimble and swift while swimming.
You are clumsy. (Dex -2)
You occasionally shout uncontrollably.
Your muscles are very strong. (Str +4)


Message History

You hit the gnoll.
The gnoll is almost dead.
The gnoll hits you with a club!
* * * LOW HITPOINT WARNING * * *
All of the chunks of flesh in your inventory have completely rotted away.
You closely miss the gnoll.
The gnoll is almost dead.
The gnoll closely misses you.
Your magical contamination has completely faded away.
There is a stone staircase leading up here.
The gnoll hits you with a whip.
* * * LOW HITPOINT WARNING * * *
You climb upwards.
There is a stone staircase leading down here.
You barely miss the gnoll. The gnoll hits you with a whip.
* * * LOW HITPOINT WARNING * * *
As you read the scroll of teleportation, it crumbles to dust.
You feel strangely unstable. The gnoll closely misses you.
The gnoll hits you with a whip.
You die...

...###.#.###.........#
...##.......%........#
...##...%............#
..###.......#.....####
.## ##.#....####..#
######.#....####..#
#....#.#..........#
#....#.#....####..#
#....#.#.#......@.#
...............g>##
#....###.#.#####.#
#....# #.#.#####.###
#....# #.#.........#
#....# #........%#.#
#....###.#.........#
......##.#.........#
......##..........##


You could see a gnoll.

Vanquished Creatures
  An adder (D:1)
  2 giant mites (D:2)
  A giant cockroach (D:1)
  5 goblins
  A hobgoblin (D:1)
  2 jackals (D:1)
  5 kobolds
  6 bats
  7 rats
30 creatures vanquished.

Notes
Turn   | Place    | Note
--------------------------------------------------------------
     0 | D:1      | HollowCharge, the Merfolk Skald, began the quest for the Orb.
     0 | D:1      | Reached XP level 1. HP: 16/16 MP: 3/3
   400 | D:1      | Reached XP level 2. HP: 23/23 MP: 0/4
   558 | D:1      | Gained mutation: You occasionally shout uncontrollably. [potion of mutation]
   558 | D:1      | Gained mutation: Your muscles are strong. (Str +2) [potion of mutation]
   558 | D:1      | Gained mutation: You are clumsy. (Dex -2) [potion of mutation]
   561 | D:1      | Gained mutation: Your muscles are very strong. (Str +4) [potion of beneficial mutation]
   563 | D:1      | Paralysed by a potion of paralysis for 5 turns
   608 | D:1      | Reached XP level 3. HP: 25/28 MP: 6/6
   917 | D:2      | Learned a level 2 spell: Song of Slaying
   920 | D:2      | Learned a level 2 spell: Shroud of Golubria
  1163 | D:2      | Reached skill level 1 in Armour
  1606 | D:1      | HP: 1/28 [gnoll/whip (3)]
  1608 | D:1      | Slain by a gnoll

Action                   || total
-------------------------++-------
Melee: Spear             ||   124
 Cast: Infusion          ||     2
  Use: Potion            ||     3
       Scroll            ||     2
